 Dungeon Crawl Stone Soup version 0.26.1-11-gd32895ea62 (webtiles) character file.

Game seed: 9908639555507748951

2560 jlumianski the Magician (level 9, -3/71 HPs)
             Began as a Gnoll Warper on July 7, 2021.
             Slain by a wolf spider (shapeshifter) (21 damage)
             ... on level 6 of the Dungeon.
             The game lasted 00:44:12 (9773 turns).

jlumianski the Magician (Gnoll Warper)              Turns: 9773, Time: 00:44:12

Health: -3/71      AC:  8    Str: 14    XL:     9   Next: 56%
Magic:  19/19      EV: 16    Int: 21    God:
Gold:   469        SH:  0    Dex: 17    Spells: 8/21 levels left

rFire    . . .     SeeInvis .   L - +3 spear (pain)
rCold    . . .     Faith    .   (no shield)
rNeg     . . .     Spirit   .   h - +1 leather armour of Sefruku {+Blink rElec Int+5}
rPois    .         Reflect  .   m - +0 helmet
rElec    +         Harm     .   g - +0 cloak
rCorr    +         Rampage  .   (no gloves)
Will     .....                  y - +0 pair of boots
Stlth    +++.......             (no amulet)
HPRegen  0.21/turn              v - ring of resist corrosion
MPRegen  0.16/turn              (no ring)

@: no status effects
A: distributed training, fangs 1, agile 1, dopey 1, mutation resistance 1,
strong nose
a: Evoke Blink


You were on level 6 of the Dungeon.
You visited 1 branch of the dungeon, and saw 6 of its levels.

You collected 469 gold pieces.

Inventory:

Hand Weapons
 a - a +0 hand axe
 f - a +1 vampiric trident
 B - a +0 shortbow
 F - a +1 whip of venom
 K - a +4 quarterstaff of chaos
 L - a +3 spear of pain (weapon)
 O - a +0 shortbow of freezing
Missiles
 c - a throwing net
 e - 5 boomerangs of dispersal
 i - 104 sling bullets
 l - 203 stones
 n - 53 bolts
 o - 232 arrows
 x - 17 poisoned darts (quivered)
Armour
 b - a +0 leather armour
 g - a +0 cloak (worn)
 h - the +1 leather armour of Sefruku (worn) {+Blink rElec Int+5}
   (You found it on level 4 of the Dungeon)

   It affects your intelligence (+5).
   It insulates you from electricity.
   It lets you blink.
 m - a +0 helmet (worn)
 p - a +0 ring mail
 y - a +0 pair of boots (worn)
Magical Staves
 s - an uncursed staff of cold
Jewellery
 v - a ring of resist corrosion (left hand)
 E - an uncursed amulet of regeneration
Wands
 M - a wand of enslavement (3)
 N - a wand of paralysis (9)
Scrolls
 d - 3 scrolls of blinking
 q - 2 scrolls of amnesia {unknown}
 t - a scroll of enchant weapon {unknown}
 w - a scroll of fog {unknown}
 A - 2 scrolls of remove curse
 C - 2 scrolls of teleportation {unknown}
 D - 4 scrolls of identify
 G - a scroll of magic mapping
 H - a scroll of noise {unknown}
 J - a scroll of fear
Potions
 j - a potion of ambrosia
 k - 3 potions of resistance
 r - a potion of degeneration
 u - a potion of mutation
 z - 2 potions of curing
 I - 2 potions of might


   Skills:
 + Level 6.4 Fighting
 + Level 4.3 Short Blades
 + Level 4.3 Long Blades
 + Level 6.4 Axes
 + Level 4.3 Maces & Flails
 + Level 4.3 Polearms
 + Level 4.3 Staves
 + Level 4.3 Slings
 + Level 4.3 Bows
 + Level 4.3 Crossbows
 + Level 5.1 Throwing
 + Level 5.1 Armour
 + Level 6.4 Dodging
 + Level 4.3 Stealth
 + Level 4.3 Shields
 + Level 4.3 Unarmed Combat
 + Level 6.7 Spellcasting
 + Level 3.6 Conjurations
 + Level 3.6 Hexes
 + Level 3.6 Summonings
 + Level 3.6 Necromancy
 + Level 6.6 Translocations
 + Level 3.6 Transmutations
 + Level 3.6 Fire Magic
 + Level 3.6 Ice Magic
 + Level 3.6 Air Magic
 + Level 3.6 Earth Magic
 + Level 3.6 Poison Magic
 + Level 4.8 Invocations
 + Level 4.3 Evocations


You had 8 spell levels left.
You knew the following spells:

 Your Spells              Type           Power        Failure   Level
a - Blink                 Tloc           N/A          1%          2
b - Gell's Gravitas       Tloc           17%          2%          3
c - Call Imp              Summ           22%          3%          2
d - Call Canine Familiar  Summ           22%          8%          3
e - Summon Guardian Gole  Hex/Summ       22%          8%          3

Your spell library contained the following spells:

 Spells                   Type           Power        Failure   Level
 Summon Small Mammal      Summ           88%          2%          1
 Lesser Beckoning         Tloc           17%          2%          3
 Teleport Other           Tloc           34%          2%          3
 Passage of Golubria      Tloc           N/A          8%          4
 Summon Ice Beast         Ice/Summ       22%          26%         4
 Summon Lightning Spire   Summ/Air       22%          26%         4


Dungeon Overview and Level Annotations

Branches:
Dungeon (6/15)
 Temple: D:4-7

Altars:
Ashenzari
Fedhas
Nemelex Xobeh
Qazlal
Uskayaw
Vehumet
Xom

Shops:
D:5 }

Annotations:
D:6 oc3rt's ghost, novice SpHu


Innate Abilities, Weirdness & Mutations

Your experience applies equally to all skills.
You have very sharp teeth.
Your uncanny sense of smell can sniff out nearby items.
You are agile. (Dex +2)
You are dopey. (Int -2)
You are somewhat resistant to further mutation.


Message History

Things that are here:
a +0 leather armour; a +0 whip
Found a stone staircase leading down.
There is a shaft here.
Items here: )) [ ÷.
Oc3rt's ghost screams, "You must not fail where I succeeded!"
Could not explore, unopened runed door.
You open the door.
The wolf spider hisses angrily.
The wolf spider hits you!
The wolf spider bites you but does no damage.
For a moment, you lose track of oc3rt's ghost.
The wolf spider hits you! The wolf spider bites you. The wolf spider hits you!
The wolf spider bites you. The wolf spider hits you!!
* * * LOW HITPOINT WARNING * * *
The wolf spider barely misses you.
There is a stone staircase leading up, spattered with blood here.
The wolf spider hits you!!
You die...

#.# #.############## #.#
#.#............# #####
#.#.##########.## ∆§§#.##
#.#.# #...# §§§..# #...# #...#
§§#§.#####..#########...####
####.....W.................#
#......###s.#####...........
######## #.@# ####.........#
#..# #.........####
############..# #...........>.
#.............# #..>......####
#.##########..###.........#
#.# #..............#
####.##########.####.........#
#...............# #.........#
#.##.###...####.# #.........#


You could see a wolf spider and oc3rt's ghost.

Vanquished Creatures
  An orc warrior (D:6)
  A black bear (D:6)
  An ice beast (D:6)
  2 ogres
  5 centaurs
  2 phantoms
  A bullfrog (D:6)
  3 scorpions
  A howler monkey (D:4)
  A centaur zombie (D:6)
  2 jellies (D:3)
  A hound (D:4)
  A gnoll shaman (D:6)
  5 orc wizards
  A centaur skeleton (D:6)
  3 orc priests
  Crazy Yiuf (D:5)
  2 bullfrog skeletons
  6 worker ants
  A killer bee zombie (D:5)
  A hound skeleton (D:4)
  14 gnolls
  9 adders
  A shadow imp (D:6)
  A white imp (D:5)
  2 ufetubi
  2 oozes (D:6)
  An adder zombie (D:5)
  5 worms
  2 dart slugs
  2 leopard geckos
  26 orcs
  A ball python (D:2)
  6 bats
  3 giant cockroaches
  13 hobgoblins
  3 iguanas
  4 jackals
  3 kobolds
  A quokka (D:5)
  8 frilled lizards
  9 goblins
  A leopard gecko skeleton (D:4)
  6 rats
165 creatures vanquished.

Vanquished Creatures (collateral kills)
  A centaur (D:5)
  A bullfrog (D:6)
  An orc priest (D:5)
  A worker ant (D:6)
  An adder skeleton (D:5)
  An orc (D:5)
  A ball python (D:6)
7 creatures vanquished.

Vanquished Creatures (others)
  An ice beast (D:6)
  2 fungi (D:5)
3 creatures vanquished.

Grand Total: 175 creatures vanquished

Notes
Turn   | Place    | Note
-------+----------+-------------------------------------------
     0 | D:1      | jlumianski the Gnoll Warper began the quest for the Orb.
     0 | D:1      | Reached XP level 1. HP: 20/20 MP: 6/6
   367 | D:1      | Reached XP level 2. HP: 23/26 MP: 7/7
   971 | D:2      | Found a sparkling altar of Nemelex Xobeh.
  1013 | D:2      | Learned a level 2 spell: Blink
  1074 | D:2      | Found a broken altar of Ashenzari.
  1160 | D:2      | Reached XP level 3. HP: 30/31 MP: 9/9
  1193 | D:2      | Reached skill level 5 in Spellcasting
  1208 | D:2      | Learned a level 3 spell: Gell's Gravitas
  1405 | D:3      | Reached skill level 1 in Invocations
  1465 | D:2      | Reached skill level 1 in Short Blades
  1465 | D:2      | Reached skill level 1 in Long Blades
  1465 | D:2      | Reached skill level 1 in Maces & Flails
  1465 | D:2      | Reached skill level 1 in Polearms
  1465 | D:2      | Reached skill level 1 in Staves
  1465 | D:2      | Reached skill level 1 in Slings
  1465 | D:2      | Reached skill level 1 in Bows
  1465 | D:2      | Reached skill level 1 in Crossbows
  1465 | D:2      | Reached skill level 1 in Stealth
  1465 | D:2      | Reached skill level 1 in Shields
  1465 | D:2      | Reached skill level 1 in Unarmed Combat
  1465 | D:2      | Reached skill level 1 in Evocations
  1465 | D:2      | Reached XP level 4. HP: 18/38 MP: 2/11
  1970 | D:2      | Reached skill level 1 in Conjurations
  1970 | D:2      | Reached skill level 1 in Hexes
  1970 | D:2      | Reached skill level 1 in Summonings
  1970 | D:2      | Reached skill level 1 in Necromancy
  1970 | D:2      | Reached skill level 1 in Transmutations
  1970 | D:2      | Reached skill level 1 in Fire Magic
  1970 | D:2      | Reached skill level 1 in Ice Magic
  1970 | D:2      | Reached skill level 1 in Air Magic
  1970 | D:2      | Reached skill level 1 in Earth Magic
  1970 | D:2      | Reached skill level 1 in Poison Magic
  2154 | D:2      | Reached XP level 5. HP: 19/43 MP: 10/12
  2988 | D:2      | Found a radiant altar of Vehumet.
  3172 | D:3      | Found a shimmering altar of Xom.
  3186 | D:3      | Noticed an ogre
  3196 | D:3      | Found a stormy altar of Qazlal.
  3211 | D:3      | Found a hide-covered altar of Uskayaw.
  3214 | D:3      | Killed an ogre
  3215 | D:3      | Reached XP level 6. HP: 22/50 MP: 2/14
  3602 | D:3      | Reached skill level 5 in Fighting
  3602 | D:3      | Reached skill level 5 in Axes
  3602 | D:3      | Reached skill level 5 in Dodging
  4477 | D:4      | Gained mutation: You are dopey. (Int -2) [potion of
                  | mutation]
  4477 | D:4      | Gained mutation: You are agile. (Dex +2) [potion of
                  | mutation]
  4477 | D:4      | Gained mutation: You are somewhat resistant to further
                  | mutation. [potion of mutation]
  4658 | D:4      | Identified the +1 leather armour of Sefruku {+Blink rElec
                  | Int+5} (You found it on level 4 of the Dungeon)
  4750 | D:4      | Reached XP level 7. HP: 5/56 MP: 15/15
  5713 | D:4      | Reached XP level 8. HP: 43/63 MP: 11/16
  6027 | D:5      | Entered Level 5 of the Dungeon
  6375 | D:5      | Learned a level 2 spell: Call Imp
  7133 | D:5      | Found a blossoming altar of Fedhas.
  7541 | D:5      | Found Tuerah's Gadget Shop.
  7569 | D:5      | Found a runed translucent door.
  7570 | D:5      | Noticed Crazy Yiuf
  7585 | D:5      | Killed Crazy Yiuf
  7851 | D:6      | Reached XP level 9. HP: 53/69 MP: 18/18
  7938 | D:6      | Noticed an orb spider
  7939 | D:6      | Found a runed translucent door.
  7939 | D:6      | Noticed oc3rt's ghost (novice SpHu)
  7951 | D:6      | Learned a level 3 spell: Call Canine Familiar
  7955 | D:6      | Learned a level 3 spell: Summon Guardian Golem
  7956 | D:6      | Noticed a guardian serpent
  7956 | D:6      | an orb spider changed into a guardian serpent
  8984 | D:6      | Reached skill level 5 in Throwing
  8984 | D:6      | Reached skill level 5 in Armour
  9758 | D:6      | Noticed a wolf spider
  9773 | D:6      | Slain by a wolf spider (shapeshifter)

Illustrated notes

Levels and vault maps discovered:
D:1:      nagdon_arrival_double_spiral, layout_rooms
D:2:      kennysheep_six_static_rooms, layout_rooms, lemuel_doored_altar,
          lemuel_coloured_pillars_altar, nemelex_diamond_rough_becter
D:3:      minmay_recursive_quarters, layout_basic,
          amethyst_overflow_temple_binary, dk_xom_monty_hall
D:4:      layout_gridville, minmay_ruptured
D:5:      layout_loops_cross, serial_shops, shop, fedhas_bush_and_centaur_altar,
          uniq_crazy_yiuf_cottage
D:6:      minmay_bubble_buster, layout_loops_ring, ebering_ghost_inner_flame

Skill      XL: |  1  2  3  4  5  6  7  8  9 |
---------------+----------------------------+-----
Spellcasting   | 5 6 |  6.7
Invocations    | 1 2 3 4 |  4.8
Short Blades   | 1 2 3 4 |  4.3
Long Blades    | 1 2 3 4 |  4.3
Maces & Flails | 1 2 3 4 |  4.3
Polearms       | 1 2 3 4 |  4.3
Staves         | 1 2 3 4 |  4.3
Slings         | 1 2 3 4 |  4.3
Bows           | 1 2 3 4 |  4.3
Crossbows      | 1 2 3 4 |  4.3
Stealth        | 1 2 3 4 |  4.3
Shields        | 1 2 3 4 |  4.3
Unarmed Combat | 1 2 3 4 |  4.3
Evocations     | 1 2 3 4 |  4.3
Conjurations   | 1 2 3 |  3.6
Hexes          | 1 2 3 |  3.6
Summonings     | 1 2 3 |  3.6
Necromancy     | 1 2 3 |  3.6
Transmutations | 1 2 3 |  3.6
Fire Magic     | 1 2 3 |  3.6
Ice Magic      | 1 2 3 |  3.6
Air Magic      | 1 2 3 |  3.6
Earth Magic    | 1 2 3 |  3.6
Poison Magic   | 1 2 3 |  3.6
Throwing       | 3 4 5 |  5.1
Armour         | 3 4 5 |  5.1
Fighting       | 5 6 |  6.4
Axes           | 5 6 |  6.4
Dodging        | 5 6 |  6.4
Translocations | 6 |  6.6

Action                   |  1- 3 |  4- 6 |  7- 9 || total
-------------------------+-------+-------+-------++-------
Melee: Hand axe          |    96 |   221 |   222 ||   539
       Bite              |    13 |    25 |    40 ||    78
       Punch             |     1 |     2 |     5 ||     8
       Quarterstaff      |       |       |    89 ||    89
       Spear             |       |       |    55 ||    55
 Fire: Shortbow          |       |       |    39 ||    39
Throw: Stone             |    10 |    36 |       ||    46
       Dart              |       |     6 |    10 ||    16
 Cast: Gell's Gravitas   |     3 |     5 |    19 ||    27
       Blink             |     2 |    10 |     8 ||    20
       Call Imp          |       |       |     7 ||     7
       Call Canine Famil |       |       |     3 ||     3
       Summon Guardian G |       |       |     3 ||     3
  Use: Scroll            |     4 |     3 |       ||     7
       Potion            |     3 |     3 |     1 ||     7
 Stab: Distracted        |       |     1 |     3 ||     4
       Sleeping          |       |       |     4 ||     4
Armor: Leather armour    |     6 |       |    63 ||    69
       Ring mail         |    33 |    58 |    51 ||   142
Dodge: Dodged            |    83 |   165 |   278 ||   526
